 Seeded DCSS version 0.29.1-2-gbd0b4ee654 (webtiles) character file.

Game seed: 1 (custom seed)

15734 Kazon the Fighter (level 12, -2/95 HPs)
             Began as a Demonspawn Berserker on Nov 16, 2022.
             Was a High Priest of Trog.
             Slain by a komodo dragon (12 damage)
             ... on level 1 of the Lair of Beasts on Nov 17, 2022.
             The game lasted 00:45:27 (9016 turns).

Kazon the Fighter (Demonspawn Berserker)            Turns: 9016, Time: 00:45:27

Health: -2/95      AC: 13    Str: 20    XL:     12   Next: 3%
Magic:  12/12      EV: 14    Int: 10    God:    Trog [*****.]
Gold:   688        SH:  0    Dex: 16    Spells: 11/11 levels left

rFire   + . .      SeeInvis .   e - +2 dagger (venom)
rCold   + + .      Faith    .   c - +2 buckler
rNeg    + . .      Spirit   .   P - +0 troll leather armour
rPois   .          Reflect  .   j - +0 helmet
rElec   .          Harm     .   Q - scarf {rC+ rF+}
rCorr   .          Rampage  .   b - +0 pair of gloves of Erepn {Regen+ Dex+2 Stlth+}
Will    .....                   k - +2 pair of boots
Stlth   ++........              d - amulet of the acrobat
HPRegen 1.85/turn               r - ring of positive energy
MPRegen 0.13/turn               B - ring of protection from cold

@: confused, ambrosia-drunk
A: claws 2, yellow scales 2, powered by death 1, spiny 2
a: Renounce Religion, Berserk, Trog's Hand, Brothers in Arms


You were on level 1 of the Lair of Beasts.
You worshipped Trog.
Trog was extremely pleased with you.
You visited 2 branches of the dungeon, and saw 13 of its levels.

You collected 914 gold pieces.
You spent 226 gold pieces at shops.

Inventory:

Hand Weapons
 e - a +2 dagger of venom (weapon)
 f - the +2 Maxwell's thermic engine {flame, freeze}
   (You found it on level 1 of the Lair of Beasts)

   It burns those it strikes, dealing additional fire damage.
   Big, fiery blades are also staple armaments of hydra-hunters.
   It freezes those it strikes, dealing additional cold damage.
   It can also slow down cold-blooded creatures.
   It becomes more effective when it hits something.
   This effect fades over time.
 s - the +3 falchion of Winter {venom, rCorr}
   (You bought it in a shop on level 3 of the Dungeon)

   It poisons the flesh of those it strikes.
   rCorr:     It protects you from acid and corrosion.
Missiles
 o - 27 boomerangs
 y - a throwing net
 A - 4 curare-tipped darts
 J - 34 poisoned darts (quivered)
Armour
 b - the +0 pair of gloves of Erepn (worn) {Regen+ Dex+2 Stlth+}
   (You acquired it on level 1 of the Dungeon)

   Dex:       It affects your dexterity (+2).
   Regen:     It increases your rate of health regeneration.
   Stlth:     It makes you more stealthy.
 c - a +2 buckler (worn)
 j - a +0 helmet (worn)
 k - a +2 pair of boots (worn)
 E - a +3 leather armour of cold resistance
 P - a +0 troll leather armour (worn)
 Q - a scarf of resistance (worn)
Jewellery
 d - an amulet of the acrobat (around neck)
 r - a ring of positive energy (left hand)
 t - a ring of positive energy
 B - a ring of protection from cold (right hand)
 O - a ring of protection from cold
Wands
 h - a wand of polymorph (7)
 z - a wand of mindburst (20)
 C - a wand of flame (43)
 G - a wand of paralysis (25)
 L - a wand of roots (6)
Scrolls
 g - a scroll of summoning {unknown}
 i - 3 scrolls of identify
 m - 2 scrolls of immolation {unknown}
 p - 2 scrolls of poison {unknown}
 q - 3 scrolls of fog {unknown}
 u - 4 scrolls of teleportation
 v - a scroll of magic mapping {unknown}
 x - 2 scrolls of noise {unknown}
 F - 2 scrolls of enchant weapon {unknown}
 K - 3 scrolls of fear {unknown}
 M - a scroll of amnesia {unknown}
 S - a scroll of vulnerability {unknown}
Potions
 a - a potion of ambrosia
 l - 4 potions of berserk rage
 n - 2 potions of haste
 w - 5 potions of lignification
 D - 2 potions of cancellation
 H - 2 potions of curing
 I - a potion of might
 T - 3 potions of flight
Miscellaneous
 N - a condenser vane
 R - a phial of floods


   Skills:
 * Level 9.3 Fighting
 + Level 4.7(7.5) Short Blades
 + Level 9.1(9.6) Long Blades
 + Level 5.5 Throwing
 + Level 5.3 Armour
 + Level 6.4 Dodging
 + Level 7.4 Stealth
 + Level 2.1 Shields
 * Level 6.9 Evocations


You had 11 spell levels left.
You didn't know any spells.
Your spell library was empty.

Dungeon Overview and Level Annotations

Branches:
Dungeon (12/15)            Temple (0/1) D:7            Lair (1/5) D:10
    Orc: D:9-12

Altars:
Hepliaklqana
Uskayaw

Shops:
D:3 (   D:8 ?(==   D:10 :


Innate Abilities, Weirdness & Mutations

You have very sharp fingernails.
You are mostly covered in yellow scales. (AC +3)
You regenerate a little health from kills.
You are mostly covered in sharp spines.


Message History

You hit the komodo dragon.
The komodo dragon is moderately wounded.
You barely miss the komodo dragon.
The komodo dragon is moderately wounded.
The komodo dragon bites you!
You hit the komodo dragon but do no damage.
The komodo dragon is moderately wounded.
You block the komodo dragon's attack.
You hit the komodo dragon but do no damage.
The komodo dragon looks as sick as possible!
The komodo dragon is moderately wounded.
You barely miss the komodo dragon.
The komodo dragon is moderately wounded.
You block the komodo dragon's attack.
You hit the komodo dragon but do no damage.
The komodo dragon looks as sick as possible!
The komodo dragon is moderately wounded.
The komodo dragon misses you.
You hit the komodo dragon.
The komodo dragon looks as sick as possible!
The komodo dragon is moderately wounded.
You closely miss the komodo dragon.
The komodo dragon is moderately wounded.
The komodo dragon is struck by your spines.
The komodo dragon bites you!!
You hit the komodo dragon.
The komodo dragon looks as sick as possible!
The komodo dragon is heavily wounded.
The komodo dragon bites you!!
* * * LOW HITPOINT WARNING * * *
You closely miss the komodo dragon.
The komodo dragon is heavily wounded.
The komodo dragon attacks as you move away!
The komodo dragon is struck by your spines.
The komodo dragon bites you!!
* * * LOW HITPOINT WARNING * * *
It was a potion of ambrosia.
You are confused.
You feel invigorated. The komodo dragon bites you!
You die...

....... ...........>......#
#P..P.##........###.#.....#
.............[...........#
... ...........P#.##...# .
.. .....~~~P...........#
...P.~≈~~........[.##
...P~~≈~~..........#
..~~≈~~~...##.P.#P.#
.P.~≈.~~l@.........#
P.....≈~...##.##.P.#
..~~.~~............#
...~~~≈....#.#.#.#.#
...P~~.....#.# P...........
. ...........###.
.....##..### .#


You could see a komodo dragon (extremely poisoned).

Vanquished Creatures
  Erolcha (D:10)
  A two-headed ogre (D:9)
  An ugly thing (D:11)
  2 black mambas (Lair:1)
  Maggie (D:6)
  4 kobold demonologists (D:11)
  2 komodo dragons (Lair:1)
  A tengu conjurer (D:12)
  3 trolls
  Prince Ribbit (D:9)
  2 shadows
  A vampire (D:10)
  22 yaks
  2 wyverns
  A basilisk (Lair:1)
  Eustachio (D:5)
  2 steam dragons
  Menkaure (D:5)
  Edmund (D:6)
  2 acid dragons
  4 water moccasins
  5 orc warriors
  An ice beast (D:8)
  5 sky beasts
  2 black bears (D:6)
  5 centaurs
  An ogre (D:6)
  A wolf (D:10)
  2 phantoms (D:6)
  3 kobold brigands
  3 necrophages
  2 bullfrogs
  A gnoll sergeant (D:7)
  5 scorpions
  21 wights
  3 killer bees (D:10)
  An electric eel (D:10)
  A howler monkey (D:5)
  2 jellies (D:6)
  6 hounds
  7 orc priests
  A gnoll bouda (D:7)
  6 iguanas
  4 orc wizards
  Robin (D:3)
  15 gnolls
  13 adders
  3 shadow imps
  2 white imps (D:7)
  An ufetubus (D:5)
  3 worms
  37 orcs
  11 endoplasms
  A giant cockroach (D:1)
  16 goblins
  9 hobgoblins
  A jackal (D:4)
  26 kobolds
  A quokka (D:1)
  4 ball pythons
  4 bats
  3 frilled lizards
  6 rats
301 creatures vanquished.

Notes
Turn   | Place    | Note
-------+----------+-------------------------------------------
     0 | D:1      | Kazon the Demonspawn Berserker began the quest for the Orb.
     0 | D:1      | Reached XP level 1. HP: 18/18 MP: 1/1
    34 | D:1      | Identified a scroll of acquirement
    34 | D:1      | Acquired the +0 pair of gloves of Erepn {Regen+ Dex+2
                  | Stlth+}
   289 | D:1      | Gained mutation: You are partially covered in sharp spines.
                  | [demonic ancestry]
   289 | D:1      | Reached XP level 2. HP: 24/24 MP: 2/2
   901 | D:2      | Gained mutation: You regenerate a little health from kills.
                  | [demonic ancestry]
   901 | D:2      | Reached XP level 3. HP: 29/29 MP: 3/3
   937 | D:2      | Reached ** piety under Trog
   938 | D:2      | Reached skill level 1 in Stealth
  1275 | D:2      | Reached XP level 4. HP: 33/35 MP: 4/4
  1446 | D:3      | Found Umat's Antique Weapon Boutique.
  1455 | D:3      | Bought a crude falchion for 184 gold pieces
  1455 | D:3      | Identified the +3 falchion of Winter {venom, rCorr} (You
                  | bought it in a shop on level 3 of the Dungeon)
  1590 | D:3      | Reached skill level 1 in Throwing
  1682 | D:3      | Noticed Robin
  1686 | D:3      | Reached XP level 5. HP: 41/41 MP: 5/5
  1699 | D:3      | Killed Robin
  1937 | D:3      | Reached skill level 5 in Fighting
  1937 | D:3      | Reached skill level 5 in Long Blades
  1937 | D:3      | Reached XP level 6. HP: 52/52 MP: 6/6
  1977 | D:4      | Reached *** piety under Trog
  2563 | D:4      | Gained mutation: You have sharp fingernails. [demonic
                  | ancestry]
  2563 | D:4      | Reached XP level 7. HP: 51/58 MP: 7/7
  2697 | D:4      | Reached skill level 5 in Stealth
  2745 | D:4      | Found a hazy altar of Hepliaklqana.
  2891 | D:5      | Entered Level 5 of the Dungeon
  2969 | D:5      | Noticed Eustachio
  2980 | D:5      | Killed Eustachio
  2981 | D:5      | Reached skill level 1 in Evocations
  3062 | D:5      | Gained mutation: You have very sharp fingernails. [demonic
                  | ancestry]
  3062 | D:5      | Reached XP level 8. HP: 65/65 MP: 8/8
  3331 | D:5      | Reached **** piety under Trog
  3419 | D:5      | Noticed Menkaure
  3432 | D:5      | Killed Menkaure
  3832 | D:6      | Noticed Maggie
  3867 | D:6      | Killed Maggie
  3868 | D:6      | Reached skill level 5 in Dodging
  3868 | D:6      | Gained mutation: You are mostly covered in sharp spines.
                  | [demonic ancestry]
  3868 | D:6      | Reached XP level 9. HP: 46/71 MP: 9/9
  4168 | D:6      | Noticed Edmund
  4323 | D:6      | Killed Edmund
  4323 | D:6      | Reached ***** piety under Trog
  4693 | D:7      | Gained mutation: You are partially covered in yellow
                  | scales. (AC +2) [demonic ancestry]
  4693 | D:7      | Reached XP level 10. HP: 79/79 MP: 10/10
  4772 | D:7      | Found a staircase to the Ecumenical Temple.
  4882 | D:7      | Found a hide-covered altar of Uskayaw.
  5275 | D:8      | You fall into a shaft and drop 3 floors!
  5333 | D:10     | Entered Level 10 of the Dungeon
  5345 | D:10     | Reached skill level 1 in Shields
  5434 | D:10     | Found Juagoaq's Book Shoppe.
  5480 | D:10     | Identified the +5 long sword of the Land of Plenty {drain,
                  | Dex+3}
  5558 | D:8      | Found Quzidd's Magic Scroll Emporium.
  5563 | D:8      | Bought a scroll of teleportation for 42 gold pieces
  5799 | D:8      | Found Heidghoki's Jewellery Shop.
  5982 | D:8      | Found Zoxtaeshakh's Jewellery Boutique.
  6215 | D:8      | Found Esumer's Weapon Shop.
  6616 | D:9      | Noticed Prince Ribbit
  6628 | D:9      | Killed Prince Ribbit
  6677 | D:9      | Reached skill level 5 in Armour
  6729 | D:9      | Received a gift from Trog
  6852 | D:9      | Noticed a two-headed ogre
  6865 | D:9      | Killed a two-headed ogre
  6927 | D:9      | Reached skill level 5 in Evocations
  7113 | D:10     | Gained mutation: You are mostly covered in yellow scales.
                  | (AC +3) [demonic ancestry]
  7113 | D:10     | Reached XP level 11. HP: 82/87 MP: 11/11
  7118 | D:10     | Noticed Erolcha
  7120 | D:10     | Killed Erolcha
  7121 | D:10     | Reached skill level 5 in Throwing
  7508 | D:10     | Found a staircase to the Lair.
  8050 | D:11     | Noticed a green ugly thing
  8060 | D:11     | Killed a green ugly thing
  8233 | D:11     | Noticed a sun demon
  8834 | Lair:1   | Entered Level 1 of the Lair of Beasts
  8925 | Lair:1   | Found the +2 Maxwell's thermic engine {flame, freeze}
  8951 | Lair:1   | Reached XP level 12. HP: 95/95 MP: 12/12
  9015 | Lair:1   | HP: 2/95 [komodo dragon (25)]
  9016 | Lair:1   | Slain by a komodo dragon

Illustrated notes

Levels and vault maps discovered:
D:1:      dpeg_arrival_three_smaller_balls, layout_basic
D:2:      layout_loops_ring
D:3:      layout_basic, serial_shops, nicolae_shop_stone, st_stairs_9,
          minmay_misc_feat_doors, eino_curves_03, uniq_robin
D:4:      minmay_wonky_spiral, layout_basic,
          mainiacjoe_overflow_surrounded_room, minivault_5
D:5:      layout_cave_pods, uniq_menkaure, uniq_eustachio
D:6:      cheibrodos_barr_body, layout_basic, minmay_crystal_room,
          minmay_pentangle, uniq_maggie, uniq_edmund
D:7:      layout_cave_pools, nicolae_uskayaw_murder_on_the_dancefloor,
          elyvilon_altar_4, minmay_temple_entry_purple_smoke
D:8:      layout_basic, serial_shops, shop_statue, kennysheep_little_box, shop,
          nicolae_shop_window_shopping
D:9:      layout_cave_pools, uniq_prince_ribbit1
D:10:     layout_stronghold, erik_lair_island, serial_shops,
          nicolae_shop_statue_plus, uniq_erolcha
D:11:     layout_roguey
D:12:     layout_loops_ring, orc_0_dummy, chequers_serial_rivers_marsh,
          uniq_lodul, uniq_nessos, uniq_rupert
Lair:1:   layout_long_grid, fungi_pond_lemuel, cheibrodos_lair_reptile_den

Skill      XL: |  1  2  3  4  5  6  7  8  9 10 11 |
---------------+----------------------------------+-----
Long Blades    | 3 5 6 7 9 |  9.1
Armour         | 2 4 5 |  5.3
Stealth        | 1 4 5 6 7 |  7.4
Dodging        | 2 4 5 6 |  6.4
Throwing       | 1 4 5 |  5.5
Fighting       | 5 6 7 8 9 |  9.3
Short Blades   | 3 4 |  4.7
Evocations     | 1 3 4 5 6 |  6.9
Shields        | 1 2 |  2.1

Action                   |  1- 3 |  4- 6 |  7- 9 | 10-12 || total
-------------------------+-------+-------+-------+-------++-------
Melee: Falchion          |    72 |    63 |   180 |   411 ||   726
       Dagger            |    12 |    20 |    65 |    91 ||   188
       Punch             |       |     2 |       |       ||     2
Throw: Stone             |     3 |    10 |    24 |    81 ||   118
       Dart              |       |       |       |    16 ||    16
       Boomerang         |       |       |       |    14 ||    14
Invok: Berserk           |       |       |     1 |     3 ||     4
       Trog's Hand       |       |       |       |     1 ||     1
Evoke: Wand              |       |       |       |     1 ||     1
  Use: Scroll            |     1 |       |     9 |     2 ||    12
       Potion            |       |     1 |       |     1 ||     2
 Stab: Sleeping          |     7 |     7 |    12 |    13 ||    39
       Distracted        |     1 |     1 |     1 |       ||     3
       Paralysed         |       |       |       |     7 ||     7
Armor: Animal skin       |    23 |    17 |    10 |       ||    50
       Leather armour    |       |       |    63 |    57 ||   120
       Troll leather arm |       |       |       |    31 ||    31
Dodge: Dodged            |    56 |    35 |   132 |   247 ||   470
Block: Buckler           |       |       |    29 |    80 ||   109
